AoeStats
← santi12341234pi

Glade

510867492Analyzed
1v1 RM · 5h ago on Oct 2, 2026· 27m 43s· 2 players
Game mode
Random Map
Map size
Tiny (2 player)
Population
200
Speed
Normal
Resources
Standard
Victory
Conquest
Starting age
Dark Age
Ending age
Imperial Age
RankedLock teamsTeams togetherTeam positionsShared explorationLock speedFull tech treeHidden civsTurbo modeCheats
Victory
Defeat
🇧🇪 Danes · Belgium
797
+13
🇨🇷 Spanish · Costa Rica
740
-32
santi12341234pi
14:12 Feudal Age
24:27 Castle Age
24:29 Pikeman
24:54 Gambesons
27:39 Bloodlines
DaSernet
10:27 Feudal Age
11:13 Double-Bit Axe
12:52 Town Watch
15:39 Castle Age
15:34 Loom
16:30 Bow Saw
18:37 Wheelbarrow
22:47 Town Watch
22:53 Horse Collar
24:55 Hand Cart
Connection lost

Rejoining the realm…

Still unreachable

The connection could not be restored.

Session expired

The server has moved on; the page needs a fresh start.